Map: Newkirk Precinct TE (Void)

Players

ByRada

  • Race: Zerg Zerg
  • League: Grandmaster
  • Spawn Location: 7:00

Railgan - Winner!

  • Race: Zerg Zerg
  • League: Grandmaster
  • Spawn Location: 5:00

VOD

Have the link to the VOD?

Description

Time

  • Played on: March 19, 2017, 3:19 p.m.
  • Length: 7:23
Show
View Real Time Build Order
Export as new Build Order

ByRada Zerg 

Build Orders: Hatch First, Zergling Baneling 

Get SALT Encoding   

  12  0:00  Drone  
  13  0:09  Drone  
  14  0:17  Overlord  
  14  0:23  Extractor  
  14  0:24  Drone  
  15  0:37  Drone x2  
  17  0:55  Hatchery  
  17  0:56  Drone  
  17  0:59  Drone  
  17  1:01  Extractor  
  17  1:15  Spawning Pool  
  17  1:18  Drone  
  17  1:21  Drone  
  18  1:27  Drone  
  19  1:37  Overlord  
  19  1:49  Drone  
  20  2:02  Queen  
  20  2:03  Metabolic Boost, Zergling x2  
  20  2:07  Queen  
  25  2:11  Drone  
  25  2:14  Drone  
  27  2:18  Drone  
  28  2:24  Drone  
  29  2:40  Hatchery  
  28  2:45  Baneling Nest  
  28  2:49  Drone x2  
  29  2:51  Drone  
  29  2:54  Drone  
  31  3:02  Overlord  
  31  3:03  Drone  
  32  3:10  Overlord  
  32  3:17  Zergling x2  
  32  3:18  Zergling x6  
  35  3:27  Zergling x2  
  35  3:28  Zergling x6  
  35  3:32  Zergling x4  
  41  3:39  Zergling x2  
  42  3:42  Zergling x2  
  42  3:47  Baneling x7  
  43  3:49  Baneling  
  43  3:52  Zergling x6  
  46  3:56  Zergling x2  
  46  3:57  Zergling x2  
  46  3:58  Zergling x2  
  49  4:03  Zergling x4  
  45  4:28  Zergling x2  
  45  4:29  Zergling x20  
  55  4:37  Overlord  
  53  4:56  Drone  
  53  4:57  Drone x5  
  48  5:00  Extractor  
  47  5:13  Overlord  
  46  5:15  Drone x4  
  50  5:26  Drone  
  50  5:27  Roach Warren  
  50  5:29  Drone x3  
  50  5:30  Queen  
  55  5:35  Overlord  
  55  5:53  Overlord x2  
  55  5:57  Drone  
  55  5:58  Drone x8  
  64  6:10  Roach  
  64  6:11  Roach x2  
  67  6:14  Roach x2  
  67  6:15  Roach x2  
  68  6:19  Roach x3  
  68  6:22  Roach  
  68  6:23  Roach  
  80  6:25  Roach  
  80  6:31  Roach  
  81  6:35  Roach  
  83  6:40  Roach  
  78  6:50  Roach x4  
  78  6:51  Roach x2  
  84  7:01  Roach x5  
Show
View Real Time Build Order
Export as new Build Order

Railgan Zerg - Winner!

Build Orders: Hatch First, Zergling Baneling 

Get SALT Encoding   

  12  0:01  Drone  
  13  0:13  Overlord  
  13  0:18  Drone  
  14  0:31  Drone x2  
  14  0:35  Drone  
  17  0:46  Drone  
  18  1:00  Drone, Hatchery  
  18  1:01  Extractor  
  17  1:20  Drone  
  17  1:21  Drone, Spawning Pool  
  18  1:29  Drone  
  19  1:39  Overlord  
  19  2:00  Drone  
  20  2:03  Drone  
  21  2:09  Queen  
  21  2:13  Queen  
  21  2:14  Zergling x2  
  21  2:15  Drone, Metabolic Boost  
  27  2:26  Drone, Overlord  
  28  2:36  Drone x2  
  30  2:42  Baneling Nest  
  30  2:44  Drone  
  30  2:45  Drone  
  30  2:47  Queen  
  33  2:55  Overlord  
  33  3:00  Drone  
  33  3:03  Queen  
  36  3:08  Zergling x4  
  38  3:16  Drone x2  
  40  3:23  Drone x2  
  40  3:25  Drone x2  
  44  3:29  Drone x2  
  44  3:32  Baneling x2  
  45  3:34  Drone  
  45  3:39  Lair  
  46  3:46  Zergling x2  
  46  3:47  Zergling x2  
  48  3:48  Roach Warren  
  48  3:49  Baneling x2  
  48  3:52  Overlord  
  47  3:56  Zergling x2  
  47  3:57  Zergling x2  
  49  4:03  Extractor  
  49  4:04  Zergling x2  
  47  4:17  Zergling x2  
  47  4:19  Baneling  
  48  4:30  Zergling x2  
  48  4:31  Zergling x2  
  50  4:36  Baneling x3  
  50  4:37  Roach, Queen x2  
  55  4:40  Overlord, Zergling x4  
  55  4:41  Zergling x2  
  58  4:57  Drone  
  58  4:58  Drone x3  
  58  4:59  Overlord  
  60  5:03  Glial Reconstitution  
  60  5:05  Extractor  
  59  5:08  Roach  
  59  5:12  Roach  
  59  5:13  Baneling  
  61  5:14  Drone x3  
  61  5:18  Drone, Overlord  
  61  5:20  Drone  
  66  5:25  Baneling x2  
  66  5:27  Overlord  
  66  5:32  Hatchery  
  66  5:33  Evolution Chamber, Roach x2  
  68  5:38  Baneling  
  68  5:44  Roach x2  
  68  5:47  Drone x3  
  68  5:48  Overlord  
  73  5:53  Roach x2  
  77  5:57  Roach x2  
  81  6:14  Roach x2  
  86  6:18  Roach  
  86  6:19  Zergling x2  
  86  6:20  Zergling x4  
  86  6:24  Roach  
  91  6:26  Roach  
  91  6:28  Extractor  
  91  6:34  Roach x4  
  95  6:50  Roach x4  
  95  6:53  Roach  
  95  6:54  Roach  
  105  6:55  Zergling x2  
  105  6:59  Roach  
Tags
 
Add a new tag
Caveats
  • Supply blocks, unpowered buildings, or Contaminate may cause inaccurate times.
  • Supply counts are checked every 10 seconds.